 Dungeon Crawl Stone Soup version 0.31-a0-233-g139696dc86 (webtiles) character file.

Game seed: 17398314171974570334

16 garrulousMonolith the Digger (level 2, -1/16 HPs)
             Began as a Gargoyle Earth Elementalist on July 8, 2023.
             Killed from afar by Ijyb (5 damage)
             ... with a bolt of dispelling energy
             ... on level 4 of the Dungeon.
             The game lasted 00:01:09 (1258 turns).

garrulousMonolith the Digger (GrEE)                 Turns: 1258, Time: 00:01:10

Health: -1/16      AC:  6    Str: 11    XL:     2   Next: 58%
Magic:  1/5        EV: 11    Int: 15    God:
Gold:   98         SH:  0    Dex: 10    Spells: 2/5 levels left

rFire   . . .        c - +0 hand axe
rCold   . . .        (no shield)
rNeg    + . .        o - +0 leather armour
rPois   ∞            (no helmet)
rElec   +            e - +0 cloak
rCorr   .            (no gloves)
SInv    .            (no boots)
Will    .....        (no amulet)
Stlth   ++           (no ring)
HPRegen 0.22/turn    (no ring)
MPRegen 0.09/turn

%: no passive effects
@: no status effects
A: sickness immunity, AC +2, negative energy resistance 1, electricity
resistance, torment resistance 1, petrification resistance
a: no special abilities


You were on level 4 of the Dungeon.
You visited 1 branch of the dungeon, and saw 3 of its levels.

You collected 98 gold pieces.

Inventory:

Hand Weapons
 c - a +0 hand axe (weapon)
 p - a +0 sling
Armour
 a - a +0 robe
 e - a +0 cloak (worn)
 o - a +0 leather armour (worn)
Jewellery
 g - a ring of protection from cold
 j - a +6 ring of strength
Scrolls
 h - a scroll of noise {unknown}
 i - a scroll of immolation {unknown}
 l - a scroll of vulnerability {unknown}
 r - a scroll of enchant weapon {unknown}
Potions
 b - a potion of magic
 d - a potion of enlightenment {unknown}
 f - a potion of haste {unknown}
 k - a potion of brilliance {unknown}
 m - a potion of heal wounds {unknown}
 n - a potion of degeneration {unknown}
 q - a potion of mutation {unknown}


   Skills:
 + Level 0.8 Fighting
 + Level 0.5 Armour
 - Level 1.5 Dodging
 - Level 2.1 Stealth
 + Level 2.1 Spellcasting
 * Level 1.2 Transmutations
 * Level 3.9 Earth Magic


You had 2 spell levels left.
You knew the following spells:

 Your Spells              Type           Power      Damage    Failure   Level
a - Sandblast             Erth           26%        2d8       5%          1
b - Passwall              Tmut/Erth      7%         N/A       16%         2

Your spell library contained the following spells:

 Spells                   Type           Power      Damage    Failure   Level
 Stone Arrow              Conj/Erth      14%        3d7       36%         3
 Petrify                  Tmut/Erth      9%         N/A       69%         4


Dungeon Overview and Level Annotations

Branches:
Dungeon (2/15)

Altars:

Annotations:
D:4 Ijyb


Innate Abilities, Weirdness & Mutations

You are immune to sickness and miasma.
Your stone body is resilient. (AC +2)
You are immune to poison.
You resist negative energy. (rN+)
You are resistant to electric shocks. (rElec)
You are resistant to unholy torment.
You are immune to petrification.


Message History

A sourceless malevolence fills the Dungeon...
You fall into a shaft and drop 2 floors!
The shaft crumbles and collapses.
Found a leather armour.
You open the door.
There is an open door here.
r - a scroll labelled ZEOLINICO You open the door.
Ijyb the Twisted Goblin comes into view.
She is wielding a +0 dagger and carrying a wand of quicksilver (9).
There is an open door here.
Casting: Sandblast (safe; 5% risk of failure)
Confirm with . or Enter, or press ? or * to list all spells.
Aiming: Sandblast (safe; 5% risk of failure)
Press: ? - help, Shift-Dir - straight line, f - Ijyb
Aim: Ijyb, wielding a +0 dagger, wearing a +0 chain mail and carrying a wand of quicksilver (9) (asleep, 100% to hit)
The blast of sand hits Ijyb but does no damage.
Ijyb shouts!
Casting: Sandblast (safe; 5% risk of failure)
Confirm with . or Enter, or press ? or * to list all spells.
Aiming: Sandblast (safe; 5% risk of failure)
Press: ? - help, Shift-Dir - straight line, f/p - Ijyb
Aim: Ijyb, wielding a +0 dagger, wearing a +0 chain mail and carrying a wand of quicksilver (9) (82% to hit)
The blast of sand hits Ijyb but does no damage.
Ijyb zaps a wand.
The bolt of dispelling energy hits you!
Ouch! That really hurt!
* * * LOW HITPOINT WARNING * * *
Casting: Sandblast (safe; 5% risk of failure)
Confirm with . or Enter, or press ? or * to list all spells.
Aiming: Sandblast (safe; 5% risk of failure)
Press: ? - help, Shift-Dir - straight line, f/p - Ijyb
Aim: Ijyb, wielding a +0 dagger, wearing a +0 chain mail and carrying a wand of quicksilver (8) (82% to hit)
The blast of sand hits Ijyb but does no damage.
Casting: Sandblast (safe; 5% risk of failure)
Confirm with . or Enter, or press ? or * to list all spells.
Aiming: Sandblast (safe; 5% risk of failure)
Press: ? - help, Shift-Dir - straight line, f/p - Ijyb
Aim: Ijyb, wielding a +0 dagger, wearing a +0 chain mail and carrying a wand of quicksilver (8) (82% to hit)
The blast of sand hits Ijyb but does no damage.
Ijyb zaps a wand.
The bolt of dispelling energy hits you.
You die...

..................
####....#######...
#....# ## #....#
#....# ##....# #+##
#+####
#....#####..##.....#
#....#......#......#
#....#......@g.....#
#....#####..##.....#
##'#######..## #####
#............#
#............#
#............#
#............#
##############


You could see Ijyb.

Vanquished Creatures
  A dart slug (D:1)
  A ball python (D:1)
  3 bats
  An endoplasm (D:1)
  2 hobgoblins
  A kobold (D:2)
  A frilled lizard (D:2)
  2 goblins (D:1)
  A rat (D:2)
13 creatures vanquished.

Notes
Turn   | Place    | Note
-------+----------+-------------------------------------------
     0 | D:1      | garrulousMonolith the Gargoyle Earth Elementalist began the
                  | quest for the Orb.
     0 | D:1      | Reached XP level 1. HP: 10/10 MP: 3/3
   451 | D:1      | Reached skill level 1 in Transmutations
   729 | D:1      | Reached XP level 2. HP: 16/16 MP: 0/5
   903 | D:1      | Learned a level 2 spell: Passwall
  1221 | D:2      | You fall into a shaft and drop 2 floors!
  1253 | D:4      | Noticed Ijyb
  1258 | D:4      | Killed from afar by Ijyb

Illustrated notes

Levels and vault maps discovered:
D:1:      amcnicky_arrival_underground_garden, layout_loops_corners,
          hangedman_decor_push
D:2:      cheibrodos_greedy_goblins, layout_loops_cross
D:4:      layout_gridville, minmay_temple_entry_statues_fountains, uniq_ijyb,
          uniq_robin

Skill      XL: |  1 |
---------------+----+-----
Transmutations | 1 |  1.2
Fighting       | |  0.8
Armour         | |  0.5
Dodging        | |  1.5
Stealth        | |  2.1
Spellcasting   | |  2.1
Earth Magic    | |  3.9

Action                     || total
---------------------------++-------
   Cast: Sandblast         ||    24
 Armour: Robe              ||     4
         Leather armour    ||     1
  Dodge: Dodged            ||     6

Table legend: (Time is in decaauts)
 A = Elapsed time spent in this place.
 B = Non-inter-level travel time spent in this place.
 C = Inter-level travel time spent in this place.
 D = Time resting spent in this place.
 E = Time spent auto-exploring this place.
 F = Levels seen in this place.
 G = Mean time per level.
                   A        B        C        D        E       F      G
               +--------+--------+--------+--------+--------+-----+--------+
         Total |   1268 |   1203 |     65 |      0 |   1065 |   3 |  422.7 |
       Dungeon |   1268 |   1203 |     65 |      0 |   1065 |   3 |  422.7 |
               +--------+--------+--------+--------+--------+-----+--------+

Top non-repeatable levels by time:
     D:1: 1067 daAuts
     D:2: 163 daAuts
     D:4: 38 daAuts
